 Dungeon Crawl Stone Soup version 0.17-a0-1510-gb3fb22e (webtiles) character file.

14828 FakerFangirl the Arsonist (level 12, -14/93 HPs)
             Began as a Naga Fire Elementalist on July 10, 2015.
             Was an Elder of Sif Muna.
             Killed from afar by a frost giant (26 damage)
             ... with a bolt of cold
             ... in an ice cave on July 11, 2015.
             The game lasted 04:39:41 (17795 turns).

FakerFangirl the Arsonist (Naga Fire Elementalist) Turns: 17795, Time: 04:39:41

Health: -14/93     AC:  8    Str: 12    XL:     12   Next: 20%
Magic:  2/39       EV: 12    Int: 20    God:    Sif Muna [****..]
Gold:   647        SH:  5    Dex: 11    Spells: 9 memorised, 3 levels left

rFire  . . .     SeeInvis +     j - staff of power
rCold  . . .     Clarity  .     F - +0 robe
rNeg   . . .     SustAt   .     U - +2 buckler
rPois  +         Gourm    .     m - +2 helmet
rElec  .         Spirit   .     (no cloak)
rCorr  .         Warding  .     (no gloves)
rMut   .         Stasis   .     (no barding)
MR     +....                    (no amulet)
Stlth  +++.......               X - ring of flight
                                t - ring of wizardry

@: sluggish, flying, very slow, somewhat resistant to hostile enchantments,
fairly stealthy
A: see invisible, deformed body, poison resistance, slowness 2, slow metabolism
1, spit poison 2, AC +4
a: Spit Poison, Channel Energy, Forget Spell, Renounce Religion, Stop Flying


You were in an ice cave.
You worshipped Sif Muna.
Sif Muna was greatly pleased with you.
You were very hungry.

You visited 3 branches of the dungeon, and saw 11 of its levels.
You also visited: Ice Cave.

You collected 647 gold pieces.

Inventory:

Hand weapons
 d - a +3 dagger of holy wrath
 f - a +2 battleaxe of flaming
 o - a +0 blowgun
 z - a +0 whip of electrocution
 A - a +0 spear of venom
Missiles
 e - 300 stones
 p - 6 curare-tipped needles
 N - 108 poisoned needles
 P - 4 silver tomahawks (quivered)
 Q - 2 javelins
Armour
 m - a +2 helmet (worn)
 F - a +0 robe (worn)
 U - a +2 buckler (worn)
Magical staves
 j - an uncursed staff of power (weapon)
 n - an uncursed staff of air
Jewellery
 t - a ring of wizardry (left hand)
 y - an uncursed ring of wizardry
 T - an uncursed amulet of stasis
 X - a ring of flight (right hand)
Magical devices
 c - a wand of magic darts (25)
 i - a wand of random effects (42)
 x - a wand of digging (5)
 C - a wand of cold (7)
 E - a wand of confusion (31)
 Z - a wand of flame (25)
Scrolls
 g - 5 scrolls of remove curse
 k - a scroll of acquirement {unknown}
 q - 4 scrolls of teleportation
 r - a scroll of blinking {unknown}
 u - a scroll of fear {unknown}
 B - a scroll of immolation {unknown}
 G - a scroll of magic mapping {unknown}
 I - a scroll of summoning {unknown}
 J - 3 scrolls of fog {unknown}
 Y - a scroll of vulnerability {unknown}
Potions
 l - a potion of cancellation {unknown}
 w - 2 potions of resistance {unknown}
 H - 2 potions of might
 S - a potion of berserk rage {unknown}
Books
 b - a book of Flames

   Spells                             Type                      Level
   a - Flame Tongue                   Conjuration/Fire             1
   b - Throw Flame                    Conjuration/Fire             2
   c - Conjure Flame                  Conjuration/Fire             3
   d - Inner Flame                    Hexes/Fire                   3
   e - Sticky Flame                   Conjuration/Fire             4
   f - Fireball                       Conjuration/Fire             5
 h - the Volume of Earthen Translocation
   (You found it in an ice cave)

   Spells                             Type                      Level
   a - Apportation                    Translocation                1
   b - Recall                         Summoning/Translocation      3
   c - Portal Projectile              Translocation                3
   d - Leda's Liquefaction            Hexes/Earth                  4
   e - Petrify                        Transmutation/Earth          4
   f - Lee's Rapid Deconstruction     Earth                        5
 v - a book of Changes

   Spells                             Type                      Level
   a - Beastly Appendage              Transmutation                1
   b - Sticks to Snakes               Transmutation                2
   c - Spider Form                    Transmutation/Poison         3
   d - Ice Form                       Ice/Transmutation            4
   e - Blade Hands                    Transmutation                5
 K - a book of Burglary

   Spells                             Type                      Level
   a - Swiftness                      Charms/Air                   2
   b - Passwall                       Transmutation/Earth          3
   c - Passage of Golubria            Translocation                4
   d - Lee's Rapid Deconstruction     Earth                        5
   e - Invisibility                   Hexes                        6
   f - Darkness                       Hexes                        7
 W - a book of Beasts

   Spells                             Type                      Level
   a - Summon Butterflies             Summoning                    1
   b - Call Canine Familiar           Summoning                    3
   c - Summon Ice Beast               Ice/Summoning                4
   d - Summon Mana Viper              Hexes/Summoning              5
   e - Summon Hydra                   Summoning                    7
Comestibles
 a - a fruit
 s - 4 bread rations


   Skills:
 + Level 2.2 Fighting
 + Level 4.7 Throwing
 - Level 0.4 Armour
 * Level 6.5 Dodging
 + Level 4.6 Stealth
 + Level 1.0 Shields
 + Level 8.5 Spellcasting
 + Level 8.6 Conjurations
 + Level 5.0 Summonings
 * Level 10.0 Fire Magic
 + Level 3.2 Invocations
 + Level 1.1 Evocations


You had 3 spell levels left.
You knew the following spells:

 Your Spells              Type           Power        Failure   Level  Hunger
a - Flame Tongue          Conj/Fire      #####        1%          1    None
b - Conjure Flame         Conj/Fire      #####...     1%          3    None
c - Throw Flame           Conj/Fire      #####.       1%          2    None
d - Sticky Flame          Conj/Fire      #####...     1%          4    ###....
e - Summon Butterflies    Summ           ####....     1%          1    None
f - Call Canine Familiar  Summ           ####....     1%          3    None
g - Fireball              Conj/Fire      #####.....   4%          5    #####..
h - Swiftness             Chrm/Air       #.......     7%          2    None
i - Ice Form              Ice/Trmt       #.......     61%         4    ###....


Dungeon Overview and Level Annotations

Branches:
Dungeon (9/15)             Temple (1/1) D:7            Lair (1/8) D:8
    Orc: D:9-12

Altars:
Ashenzari
Cheibriados
Dithmenos
Elyvilon
Fedhas
Gozag
Kikubaaqudgha
Makhleb
Nemelex Xobeh
Okawaru
Qazlal
Ru
Sif Muna
Trog
Vehumet
Xom
Yredelemnul
Zin
The Shining One

Shops:
D:6 :

Annotations:
D:5 !deep elf


Innate Abilities, Weirdness & Mutations

You cannot wear boots.
Your serpentine skin is tough (AC +4).
You have supernaturally acute eyesight.
Armour fits poorly on your strangely shaped body.
Your system is resistant to poisons.
You cover ground very slowly.
You have a slow metabolism.
You can spit poison.


Message History

The frost giant freezes you.
* * * LOW HITPOINT WARNING * * *
Evoke which item? (* to show all) (? for menu, Esc to quit)
Zapping:
i - a wand of random effects (will waste charges)
Press: ? - help, Shift-Dir - straight line, f/p - frost giant
Aim: a frost giant, wielding a battleaxe of freezing (steam, severely wounded)
Okay, then.
Casting: Sticky Flame
Confirm with . or Enter, or press ? or * to list all spells.
Okay, then.
Evoke which item? (* to show all) (? for menu, Esc to quit)
Zapping:
Z - a wand of flame {zapped: 2} (will waste charges)
Press: ? - help, Shift-Dir - straight line, f/p - frost giant
Aim: a frost giant, wielding a battleaxe of freezing (steam, severely wounded)
The puff of flame hits the frost giant.
The frost giant is severely wounded.
Evoking this partially-identified wand wasted a few charges.
The frost giant casts a spell at you. The bolt of cold hits you!
You die...

###..###≈≈≈##..#########. ###
###...##≈≈≈≈≈≈##...##....).
#.#####..##.#≈≈≈≈≈≈≈≈#..###...⌠..
.#.##..#.#.≈≈≈≈≈≈≈≈≈≈###..##.....
###..####.#.##≈≈≈≈≈≈≈##..########
# #######.)##≈≈C≈≈≈≈##..### #
###...####≈≈≈#§≈≈####...#
###...#....######C≈≈####..##
##..####.....##.@##≈≈##.#..##
...## ##......######≈.#....# ####
######## #########


You could see a frost giant.

Vanquished Creatures
  The ghost of Econoterrorist the Transmogrifier, an experienced DrTm of Okawaru (D:7)
  An ice statue (IceCv)
  Pikel (D:5)
  16 polar bears (IceCv)
  15 yaks
  Grum (Lair:1)
  A human (D:7)
  A hog (D:7)
  2 deep elf fighters (D:5)
  20 wolves
  2 porcupines (Lair:1)
  A gnoll sergeant (D:5)
  3 water moccasins (Lair:1)
  5 ice beasts
  An eye of draining (D:9)
  A phantom (D:6)
  3 slaves (D:5)
  A necrophage (D:6)
  A centaur (D:9)
  An ogre (D:5)
  3 orc warriors
  3 sky beasts
  Blork the orc (D:4)
  6 giant frogs
  6 killer bees (D:9)
  5 scorpions
  5 crimson imps
  A giant frog zombie (D:5)
  2 centaur skeletons
  4 orc priests
  6 hounds
  10 orc wizards
  An iguana (D:9)
  7 worker ants
  2 sheep (D:8)
  A hound zombie (D:7)
  Robin (D:2)
  4 gnolls (D:4)
  11 adders
  2 shadow imps
  12 white imps (Lair:1)
  3 oozes
  3 worms
  8 giant geckos
  27 orcs
  A bat skeleton (D:6)
  3 giant cockroaches
  11 hobgoblins
  10 jackals
  15 kobolds
  2 quokkas
  14 bats
  A giant gecko skeleton (D:5)
  3 giant newts
  19 goblins
  A jackal zombie (D:4)
  2 quokka zombies (D:5)
  10 rats
304 creatures vanquished.

Vanquished Creatures (collateral kills)
  The ghost of filfer the Covert, an experienced OpAs of Dithmenos (D:9)
  An adder zombie (D:7)
2 creatures vanquished.

Vanquished Creatures (others)
  2 yaks (IceCv)
  A wolf (IceCv)
  A slave (D:5)
  A wight (D:5)
5 creatures vanquished.

Grand Total: 311 creatures vanquished

Notes
Turn   | Place    | Note
--------------------------------------------------------------
     0 | D:1      | FakerFangirl the Naga Fire Elementalist began the quest for the Orb.
     0 | D:1      | Reached XP level 1. HP: 15/15 MP: 3/3
   182 | D:1      | Found a snail-covered altar of Cheibriados.
   189 | D:1      | Reached XP level 2. HP: 19/22 MP: 1/5
   761 | D:1      | Reached XP level 3. HP: 28/28 MP: 2/6
   777 | D:1      | Learned a level 3 spell: Conjure Flame
  1149 | D:2      | Reached skill level 1 in Throwing
  1778 | D:3      | Reached XP level 4. HP: 36/36 MP: 6/8
  1782 | D:3      | Noticed Robin
  1880 | D:3      | Reached XP level 5. HP: 5/42 MP: 0/9
  2239 | D:2      | Killed Robin
  3027 | D:3      | Reached XP level 6. HP: 40/50 MP: 5/11
  3036 | D:3      | Noticed a scorpion
  3039 | D:3      | Killed a scorpion
  3750 | D:4      | Reached skill level 4 in Fire Magic
  3759 | D:3      | Learned a level 2 spell: Throw Flame
  3873 | D:4      | Noticed a giant frog
  3888 | D:4      | Killed a giant frog
  3968 | D:5      | Entered Level 5 of the Dungeon
  4233 | D:5      | Reached XP level 7. HP: 45/56 MP: 7/12
  5371 | D:5      | Noticed a deep elf fighter
  5372 | D:5      | Noticed a deep elf fighter
  5384 | D:4      | Reached skill level 5 in Fire Magic
  5621 | D:4      | Learned a level 4 spell: Sticky Flame
  5720 | D:4      | Reached XP level 8. HP: 57/63 MP: 5/14
  5831 | D:4      | Noticed Blork the orc
  5835 | D:4      | Killed Blork the orc
  6488 | D:5      | Noticed Pikel
  6510 | D:5      | Killed Pikel
  6510 | D:5      | Reached skill level 1 in Fighting
  6684 | D:5      | Reached skill level 6 in Fire Magic
  7062 | D:5      | Reached skill level 5 in Spellcasting
  7062 | D:5      | Reached XP level 9. HP: 70/70 MP: 6/16
  7443 | D:5      | Killed a deep elf fighter
  7447 | D:5      | Killed a deep elf fighter
  8029 | D:6      | Reached skill level 1 in Evocations
  8113 | D:6      | Learned a level 1 spell: Summon Butterflies
  8526 | D:6      | Found Moerpha's Book Shoppe.
  9237 | D:6      | Found a burning altar of Makhleb.
  9448 | D:6      | Reached skill level 5 in Conjurations
  9787 | D:7      | Noticed Econoterrorist's ghost (experienced DrTm)
  9940 | D:6      | Reached skill level 1 in Summonings
  9945 | D:6      | Learned a level 3 spell: Call Canine Familiar
 10022 | D:6      | Found Moerpha's Book Shoppe.
 10677 | D:7      | Reached skill level 7 in Fire Magic
 11029 | D:7      | Killed Econoterrorist's ghost
 11029 | D:7      | Reached skill level 5 in Dodging
 11029 | D:7      | Reached XP level 10. HP: 61/80 MP: 2/19
 11205 | D:7      | Found a staircase to the Ecumenical Temple.
 11217 | Temple   | Entered the Ecumenical Temple
 11236 | Temple   | Upgraded the game from 0.17-a0-1509-g274fe30 to 0.17-a0-1510-gb3fb22e
 11298 | Temple   | Became a worshipper of Sif Muna the Loreminder
 12184 | D:7      | Learned a level 5 spell: Fireball
 12430 | D:8      | Found a staircase to the Lair.
 12740 | D:8      | Acquired Sif Muna's first power
 13197 | D:9      | Found a shadowy altar of Dithmenos.
 13335 | D:9      | Noticed filfer's ghost (experienced OpAs)
 13357 | D:9      | Killed filfer's ghost
 14439 | Lair:1   | Entered Level 1 of the Lair of Beasts
 14460 | Lair:1   | Noticed Grum
 14477 | Lair:1   | Reached skill level 8 in Fire Magic
 14487 | Lair:1   | Acquired Sif Muna's second power
 14529 | Lair:1   | Killed Grum
 14529 | Lair:1   | Reached XP level 11. HP: 73/86 MP: 21/21
 14570 | Lair:1   | Learned a level 2 spell: Swiftness
 14642 | Lair:1   | Found a frozen archway.
 14657 | Lair:1   | HP: 4/86 [white imp/puff of frost (10)]
 14680 | Lair:1   | Reached skill level 1 in Invocations
 14754 | IceCv    | Entered an ice cave
 15084 | IceCv    | Learned a level 4 spell: Ice Form
 15801 | IceCv    | Noticed an ice statue
 16092 | IceCv    | Killed an ice statue
 16182 | IceCv    | Identified the Volume of Earthen Translocation
 16462 | IceCv    | Reached skill level 5 in Summonings
 16657 | IceCv    | Reached skill level 9 in Fire Magic
 17260 | IceCv    | Acquired Sif Muna's third power
 17260 | IceCv    | Reached XP level 12. HP: 61/93 MP: 19/24
 17485 | IceCv    | Noticed a death yak
 17487 | IceCv    | Noticed a death yak
 17557 | IceCv    | Reached skill level 10 in Fire Magic
 17666 | IceCv    | Reached skill level 1 in Shields
 17768 | IceCv    | Noticed a frost giant
 17795 | IceCv    | Killed from afar by a frost giant

Vault maps used:
D:1:      erik_arrival_gehennom, cheibriados_altar_1
D:3:      first_bread, uniq_robin
D:4:      minmay_misc_feat_columns, uniq_blork_the_orc
D:5:      sword_in_stone, uniq_pikel
D:6:      nicolae_overflow_crystal_walls, serial_shops, shop,
          kennysheep_flooded_box, minmay_crystal_water
D:7:      minmay_temple_entry_enclosed_plants
D:8:      lair_0_dummy, serial_shops, nicolae_shop_crystal,
          hangedman_decor_peaks_small, grunt_livestock
D:9:      basic_altar
Temple:   grunt_circular_temple_18
Lair:1:   portal_ice_cave_entry_imps, beast_lair_carwin_6, grunt_megastairs_2,
          serial_bayou_shore_a, uniq_grum
IceCv:    ice_cave_caverns_02

Action                   |  1- 3 |  4- 6 |  7- 9 | 10-12 || total
-------------------------+-------+-------+-------+-------++-------
Melee: Dagger            |    12 |       |       |     2 ||    14
       Short sword       |     3 |       |       |       ||     3
       Rapier            |    10 |    14 |       |       ||    24
       Battleaxe         |       |    24 |    17 |       ||    41
       Spear             |       |       |    28 |    30 ||    58
       Whip              |       |       |     5 |       ||     5
       Staff             |       |       |       |     1 ||     1
 Fire: Blowgun           |       |       |    32 |       ||    32
Throw: Stone             |    55 |    44 |    30 |    14 ||   143
       Javelin           |    22 |    14 |     9 |     2 ||    47
       Tomahawk          |       |    19 |    35 |    14 ||    68
 Cast: Flame Tongue      |    41 |    86 |   125 |   276 ||   528
       Conjure Flame     |       |    10 |    30 |    65 ||   105
       Throw Flame       |       |       |    51 |   110 ||   161
       Sticky Flame      |       |       |    12 |    28 ||    40
       Call Canine Famil |       |       |     7 |    12 ||    19
       Summon Butterflie |       |       |     7 |     1 ||     8
       Fireball          |       |       |       |    11 ||    11
       Swiftness         |       |       |       |     2 ||     2
Invok: Channel Energy    |       |       |       |    47 ||    47
 Abil: Spit Poison       |     2 |    13 |    37 |    18 ||    70
       Evoke Flight      |       |       |       |     4 ||     4
Evoke: Wand              |       |     3 |     4 |     5 ||    12
  Use: Scroll            |       |     4 |     7 |     9 ||    20
       Potion            |       |     3 |     3 |     5 ||    11
 Stab: Distracted        |     1 |       |     1 |       ||     2
       Sleeping          |       |       |     2 |       ||     2
  Eat: Bread ration      |     1 |     1 |     3 |       ||     5
       Meat ration       |       |     1 |     1 |     2 ||     4
       Pizza             |       |       |     2 |     7 ||     9
       Fruit             |       |       |       |     2 ||     2
       Beef jerky        |       |       |       |     2 ||     2
       Chunk             |       |       |       |     4 ||     4
